Map: Para Site LE

Players

Dinok - Winner!

  • Race: Zerg Zerg
  • League: Diamond
  • Spawn Location: 11:00

SoldadoOP

  • Race: Terran Terran
  • League: Diamond
  • Spawn Location: 5:00

VOD

Have the link to the VOD?

Description

Time

  • Played on: Sept. 7, 2018, 8:38 p.m.
  • Length: 11:45
Show
View Real Time Build Order
Export as new Build Order

Dinok Zerg - Winner!

Build Orders: Hatch First 

Get SALT Encoding   

  12  0:01  Drone  
  13  0:13  Overlord  
  13  0:17  Drone  
  14  0:31  Drone x2  
  17  0:35  Drone  
  17  0:52  Hatchery  
  17  0:55  Drone  
  17  0:59  Drone  
  18  1:09  Extractor  
  17  1:14  Spawning Pool  
  17  1:18  Drone  
  17  1:21  Drone  
  18  1:28  Drone  
  19  1:39  Overlord  
  19  1:50  Drone  
  20  2:01  Queen  
  20  2:02  Zergling x2  
  20  2:03  Queen  
  20  2:04  Zergling x2  
  26  2:13  Drone  
  27  2:18  Drone  
  28  2:29  Hatchery  
  27  2:35  Metabolic Boost  
  27  2:43  Drone x2  
  29  2:49  Queen  
  30  2:58  Overlord  
  30  3:01  Drone x2  
  30  3:02  Drone  
  33  3:11  Drone x2  
  35  3:17  Drone x2  
  35  3:18  Drone x2  
  39  3:23  Drone x2  
  41  3:28  Queen  
  41  3:33  Overlord  
  43  3:37  Overlord  
  43  3:43  Queen  
  43  3:47  Zergling x4  
  47  3:48  Zergling x2  
  48  3:59  Baneling Nest  
  48  4:00  Drone x5  
  48  4:02  Drone  
  53  4:09  Spore Crawler  
  52  4:10  Spore Crawler  
  52  4:11  Drone x2  
  52  4:16  Zergling x4  
  52  4:17  Zergling x2  
  56  4:28  Drone  
  56  4:29  Overlord  
  57  4:40  Overlord x2  
  57  4:44  Lair  
  57  4:45  Evolution Chamber, Queen  
  56  4:46  Evolution Chamber  
  56  4:49  Drone x3  
  56  4:50  Drone  
  61  4:57  Drone x4  
  65  5:00  Drone x3  
  65  5:05  Drone x3  
  65  5:06  Drone  
  72  5:20  Baneling x5  
  72  5:24  Zergling x18  
  77  5:34  Zergling x8  
  71  5:47  Zergling x12  
  75  5:54  Queen  
  75  5:55  Queen x2  
  75  5:56  Zerg Melee Weapons Level 1  
  81  6:01  Extractor, Drone  
  81  6:02  Extractor  
  80  6:09  Overlord x4  
  80  6:14  Drone  
  80  6:16  Hatchery  
  80  6:25  Drone x2  
  81  6:26  Overlord  
  81  6:29  Zerg Ground Armor Level 1  
  81  6:31  Drone x6  
  72  6:50  Zergling x22  
  81  6:56  Extractor  
  81  6:57  Extractor  
  79  7:09  Zergling x18  
  79  7:10  Hatchery  
  87  7:15  Hydralisk Den  
  86  7:32  Drone x2  
  86  7:33  Drone x3  
  86  7:35  Centrifical Hooks  
  86  7:36  Overlord  
  91  7:37  Zergling x10  
  96  7:44  Baneling x12  
  96  7:56  Zergling x16  
  104  8:00  Muscular Augments  
  104  8:02  Queen  
  104  8:04  Zergling x2  
  104  8:05  Zergling x6  
  110  8:15  Drone x4  
  114  8:20  Zergling x2  
  114  8:21  Zergling x6  
  114  8:23  Zerg Melee Weapons Level 2  
  114  8:24  Zerg Ground Armor Level 2  
  114  8:25  Overlord x3  
  114  8:26  Overlord  
  118  8:46  Hydralisk  
  118  8:47  Hydralisk x6  
  132  8:55  Drone x7  
  137  8:59  Spore Crawler  
  132  9:08  Spore Crawler, Zergling x2  
  132  9:09  Zergling x28  
  146  9:13  Overlord x2, Hydralisk  
  146  9:15  Overseer  
  146  9:16  Overseer  
  145  9:17  Pneumatized Carapace  
  145  9:24  Zergling x14  
  146  9:31  Overlord x3  
  141  9:40  Zergling x4  
  141  9:41  Baneling x4  
  141  9:42  Baneling  
  141  9:43  Baneling x3  
  139  9:50  Hydralisk  
  139  9:51  Hydralisk x7  
  155  9:54  Baneling x2  
  155  9:55  Zergling x12, Baneling  
  155  9:58  Extractor  
  160  10:01  Drone  
  161  10:22  Zergling x30  
  144  10:42  Zergling x28  
  127  10:50  Zergling x8  
  127  10:51  Zergling x6  
  127  10:55  Baneling x5  
  127  10:56  Baneling  
  129  11:00  Zergling x8  
  129  11:01  Zergling x8  
  131  11:13  Infestation Pit  
  131  11:15  Zergling x20  
  131  11:17  Baneling x6  
  133  11:26  Zergling x12  
Show
View Real Time Build Order
Export as new Build Order

SoldadoOP Terran 

Build Orders: Hellion Opening, Reaper Expand 

Get SALT Encoding   

  12  0:01  SCV  
  13  0:13  SCV  
  14  0:17  Supply Depot  
  14  0:25  SCV  
  15  0:29  Refinery  
  15  0:39  SCV  
  16  0:45  Barracks  
  16  0:51  SCV  
  17  1:03  SCV  
  18  1:20  SCV  
  19  1:33  Reaper  
  19  1:34  Orbital Command  
  20  1:48  Command Center  
  20  2:00  SCV  
  21  2:03  Factory  
  21  2:08  Barracks Reactor  
  21  2:12  SCV  
  21  2:14  Supply Depot  
  22  2:24  SCV  
  23  2:36  SCV  
  24  2:53  Refinery, SCV  
  25  2:59  Hellion  
  25  3:00  Hellion  
  25  3:04  Starport, Orbital Command  
  29  3:07  Marine  
  29  3:09  SCV  
  31  3:21  Hellion x2, SCV  
  36  3:30  Supply Depot, SCV  
  36  3:34  SCV  
  38  3:40  Viking  
  40  3:42  SCV  
  40  3:46  SCV  
  42  3:53  Hellion x2  
  46  3:57  Armory  
  46  4:01  Supply Depot, SCV x2  
  48  4:08  Liberator  
  48  4:13  SCV x2  
  50  4:23  Hellion x2  
  53  4:26  SCV x2  
  58  4:33  Supply Depot  
  58  4:38  SCV x2  
  60  4:44  Supply Depot  
  60  4:49  Hellion  
  62  4:55  Hellion  
  62  4:56  SCV x2  
  62  4:59  Barracks Tech Lab  
  66  5:05  Supply Depot  
  66  5:08  SCV x2  
  66  5:10  Engineering Bay x2  
  60  5:42  Starport Tech Lab  
  54  5:43  SCV x2  
  54  5:46  Barracks  
  54  5:47  Refinery x2, Terran Infantry Armor Level 1, Barracks, Terran Infantry Weapons Level 1  
  54  5:49  Marine x2, Siege Tank  
  52  5:58  SCV x2  
  54  6:04  Banshee  
  57  6:12  Command Center  
  57  6:15  Marine x2  
  57  6:16  SCV x2  
  61  6:19  Supply Depot  
  61  6:21  Supply Depot  
  61  6:28  SCV x2  
  61  6:33  Supply Depot  
  59  6:46  Marine  
  59  6:47  Marine x3  
  63  6:56  Supply Depot  
  63  7:00  Banshee, Siege Tank  
  69  7:07  Barracks Reactor x2  
  69  7:08  Barracks x2  
  69  7:14  SCV x2  
  71  7:21  Marine x2  
  73  7:41  Marine  
  73  7:42  Marine  
  75  7:49  Marine  
  75  7:50  Marine x3, Factory Reactor  
  79  7:52  Raven  
  79  7:54  Supply Depot, Terran Vehicle Weapons Level 1  
  79  7:55  SCV  
  79  7:56  SCV, Orbital Command  
  83  7:59  Marine x2, Supply Depot  
  83  8:03  Barracks Tech Lab, Barracks Reactor  
  85  8:07  Marine x3  
  85  8:08  SCV x2  
  85  8:10  Bunker  
  85  8:11  Marine  
  91  8:17  Marine x2  
  91  8:18  Barracks  
  91  8:19  Barracks  
  93  8:20  SCV x2  
  93  8:24  Marauder  
  97  8:27  Stimpack  
  97  8:30  Widow Mine x2  
  97  8:31  Marine x4  
  105  8:45  Marauder  
  105  8:48  Marine  
  107  8:55  Marine x3  
  108  8:59  Marine  
  108  9:00  Marine x3  
  108  9:01  Medivac x2  
  118  9:03  SCV x3  
  118  9:06  Marauder  
  123  9:15  SCV x2  
  125  9:20  Marine x2  
  125  9:21  Barracks Tech Lab, Marauder  
  125  9:22  Marine x5  
  125  9:23  Siege Tank  
  137  9:28  Marauder  
  128  9:46  Marine x6, Marauder x2  
  128  9:47  Marine x2  
  128  9:48  Marine  
  128  9:52  Command Center  
  141  9:53  Sensor Tower  
  141  9:58  Supply Depot  
  141  9:59  Supply Depot  
  141  10:00  Supply Depot  
  141  10:02  Supply Depot  
  141  10:11  Marauder  
  141  10:12  Marine x4, Marauder x2  
  151  10:16  Marine  
  151  10:17  Marine  
  152  10:33  Marauder x2  
  108  10:43  Marine x8, Marauder  
  112  10:54  Marine, Marauder  
  103  11:00  Marine  
  103  11:01  Marine x4  
  95  11:04  Marauder  
  95  11:05  Marine  
  98  11:12  Marauder  
  98  11:13  Marine x2  
  98  11:16  Marauder  
  107  11:18  Marine  
Tags
 
Add a new tag
Caveats
  • Supply blocks, unpowered buildings, or Contaminate may cause inaccurate times.
  • Supply counts are checked every 10 seconds.